 Dungeon Crawl Stone Soup version 0.30.0-3-ga4e48a9924 (webtiles) character file.

Game seed: 6357798564629242056

203 LaggoTC the Chopper (level 5, -1/46 HPs)
             Began as a Hill Orc Wanderer on May 7, 2023.
             Was a Believer of Wu Jian.
             Slain by a jelly (3 damage)
             ... in a sewer.
             The game lasted 00:20:44 (2768 turns).

LaggoTC the Chopper (Hill Orc Wanderer)             Turns: 2768, Time: 00:20:44

Health: -1/46      AC:  0    Str: 18    XL:     5   Next: 81%
Magic:  5/5        EV:  7    Int:  9    God:    Wu Jian [**....]
Gold:   163        SH:  4    Dex: 12    Spells: 4/4 levels left

rFire   . . .        l - +1 whip (vamp)
rCold   . . .        c - +0 buckler
rNeg    . . .        m - +0 chain mail
rPois   .            (no helmet)
rElec   .            (no cloak)
rCorr   .            (no gloves)
SInv    .            (no boots)
Will    .....        r - amulet of the acrobat Stlth
                     (no ring)
HPRegen 0.27/turn    (no ring)
MPRegen 0.09/turn

%: acrobat
@: about to teleport, corroded, very slow
A: no striking features
a: Renounce Religion, Wall Jump


You were in a sewer.
You worshipped Wu Jian.
Wu Jian was pleased with you.
You visited 1 branch of the dungeon, and saw 3 of its levels.
You also visited: Sewer.

You collected 163 gold pieces.

Inventory:

Hand Weapons
 a - a +2 hand axe
 l - a +1 vampiric whip (weapon)
Armour
 c - a +0 buckler (worn)
 e - a +0 leather armour
 m - a +0 chain mail (worn)
Jewellery
 r - an amulet of the acrobat (around neck)
Wands
 s - a wand of polymorph (8)
Scrolls
 b - a scroll of teleportation
 f - 2 scrolls of noise
 h - a scroll of vulnerability {unknown}
 i - a scroll of enchant armour {unknown}
 j - 2 scrolls of identify
 p - a scroll of acquirement {unknown}
Potions
 d - 2 potions of brilliance
 g - 4 potions of attraction
 n - a potion of might
 o - a potion of degeneration {unknown}
 q - a potion of ambrosia {unknown}


   Skills:
 * Level 3.7 Fighting
 - Level 5.1(5.8) Axes
 * Level 3.3(4.4) Maces & Flails
 - Level 1.1 Armour
 - Level 0.4 Dodging
 - Level 0.1 Stealth
 - Level 3.2 Shields
 - Level 1.1 Unarmed Combat
 + Level 2.1 Evocations


You had 4 spell levels left.
You didn't know any spells.
Your spell library contained the following spells:

 Spells                   Type           Power      Damage    Failure   Level
 Foxfire                  Conj/Fire      0%         2x1d4     99%         1
 Cigotuvi's Dreadful Rot  Necr/Pois/Air  0%         N/A       100%        2
 Dispel Undead            Necr           0%         3d6       100%        4
 Death Channel            Necr           0%         N/A       100%        6


Dungeon Overview and Level Annotations

Branches:
Dungeon (3/15)              Sewer (1/1)

Altars:
Qazlal
Wu Jian

Shops:
D:2 =


Message History

The bullfrog is moderately wounded.
The bullfrog hits you. x3
Your unstable footing causes you to fumble your attack.
The bullfrog hits you but does no damage.
The bullfrog hits you.
The bullfrog hits you but does no damage.
Aiming: Polymorph
Press: ? - help, Q - select action, (/) - cycle Shift-Dir - straight line, f - bullfrog
Aim: a bullfrog (will become a swamp drake, a jelly, or a tengu, chance to affect: 54%)
The bullfrog evaporates and reforms as a jelly!
The bullfrog hits you but does no damage.
You feel better. The bullfrog hits you. You block the jelly's attack.
The bullfrog hits you but does no damage.
You closely miss the bullfrog.
The bullfrog is moderately wounded.
The jelly barely misses you.
The bullfrog hits you but does no damage.
You whack the bullfrog!
You feel better.
The bullfrog is heavily wounded.
The bullfrog closely misses you. The jelly barely misses you.
The bullfrog hits you.
Your unstable footing causes you to fumble your attack.
The jelly hits you but does no damage.
The bullfrog hits you but does no damage.
You hit the bullfrog.
You feel better.
The bullfrog is severely wounded.
The bullfrog hits you. The jelly hits you. The acid corrodes you!
You are splashed with acid!
You closely miss the bullfrog.
The bullfrog is severely wounded.
The bullfrog hits you. The jelly hits you. The acid corrodes you!
You are splashed with acid!
* * * LOW HITPOINT WARNING * * *
As you read the scroll of teleportation, it crumbles to dust.
You feel strangely unstable. The bullfrog hits you.
* * * LOW HITPOINT WARNING * * *
The bullfrog hits you.
* * * LOW HITPOINT WARNING * * *
The jelly hits you.
You die...

#############
#~~.~~~~.~~.#####
#~.~~~~~~†~~..∩.###
#~~~#########.....#
####~~~~~†~.†~†####~~∩
##~~#~~~~~#####.~~.####
####~†.#######.∩~#~~~~.~~#
##~~††~~.#..~~~~~~####~~~~~
##~~.~#~~##@..~~~~~~.~###.~~
#~.~.##~~#JF#######~~~~.##~~
##~~.##~~##.l#~~~≈≈###~.~~##~
#~~†~#~.~#~~.~~~~.~≈≈##~†~~#~
##~~~##~~~#~~~.~~..~~≈
##~~~##
#.~~~#~~~~#~~~~$~~l~.~ #~.~.#
#∩.~~#..~~#~..[)?.~~.~ #..~~#
#.~~~#~~~~#≈~~.$)$.~~. #~~~~#
##~~~##~~~##≈~~.....≈≈
##~~~##


You could see a bullfrog, a jelly and a frilled lizard.

Vanquished Creatures
  A hound (D:3)
  A gnoll (D:1)
  3 adders
  A worm (D:2)
  A dart slug (D:2)
  14 ball pythons
  9 bats
  16 endoplasms
  12 giant cockroaches
  5 goblins
  8 hobgoblins
  7 jackals
  13 quokkas
  7 frilled lizards
  11 kobolds
  6 rats
115 creatures vanquished.

Notes
Turn   | Place    | Note
-------+----------+-------------------------------------------
     0 | D:1      | LaggoTC the Hill Orc Wanderer began the quest for the Orb.
     0 | D:1      | LaggoTC set off with the following items: a +2 hand axe, a
                  | scroll of teleportation, a +0 buckler, a potion of
                  | brilliance, a +0 leather armour.
     0 | D:1      | Reached XP level 1. HP: 16/16 MP: 1/1
    90 | D:1      | Reached XP level 2. HP: 10/24 MP: 2/2
   544 | D:1      | Reached XP level 3. HP: 21/29 MP: 3/3
   794 | D:2      | Found an ornate altar of the Wu Jian Council.
   828 | D:2      | Became a worshipper of the Wu Jian Council
   949 | D:2      | Reached skill level 5 in Axes
   971 | D:2      | Reached skill level 1 in Armour
  1284 | D:2      | Reached XP level 4. HP: 37/37 MP: 4/4
  1361 | D:2      | Found Nidotiono's Jewellery Shop.
  1527 | D:2      | Found a faded altar of an unknown god.
  1538 | D:2      | Got Plato's Disquisition on the Arsonist
  1806 | D:3      | Noticed a fire elemental
  1808 | D:3      | Found a stormy altar of Qazlal.
  1811 | D:3      | Noticed an earth elemental
  1811 | D:3      | Noticed an air elemental
  1811 | D:3      | Noticed a water elemental
  1929 | D:3      | Reached skill level 1 in Maces & Flails
  2068 | D:3      | Reached * piety under Wu Jian
  2113 | D:3      | Reached XP level 5. HP: 45/45 MP: 5/5
  2375 | D:3      | Found a glowing drain.
  2417 | Sewer    | Entered a sewer
  2491 | Sewer    | Reached ** piety under Wu Jian
  2768 | Sewer    | HP: 2/46 [bullfrog (1)]
  2768 | Sewer    | Slain by a jelly

Illustrated notes

Levels and vault maps discovered:
D:1:      minmay_arrival_stair_chambers, layout_basic, interstate_on_off,
          chequers_serial_rivers_room_b
D:2:      minmay_general_purpose_star, layout_loops_ring, serial_shops,
          nicolae_shop_hallway_plus, serial_glass, glass_columns_b,
          glass_columns_a, glass_columns_a, basic_altar,
          shapermc_ecumenical_altar_rom_forum,
          wander_ebering_terrifying_dragon_lair
D:3:      minmay_chambers_of_threes, layout_loops_ring,
          nicolae_qazlal_style_of_elements, gup_sewer_entry_pipe,
          corner_web_ring, hangedman_decor_slide_cut, minmay_liquid_box,
          kennysheep_generic_room_2
Sewer:    sewer_frog_island_02

Skill      XL: |  1  2  3  4  5 |
---------------+----------------+-----
Fighting       | 2 3 |  3.7
Axes           | 5 |  5.1
Armour         | 1 |  1.1
Maces & Flails | 2 3 |  3.3
Dodging        | |  0.4
Stealth        | |  0.1
Shields        | |  3.2
Unarmed Combat | |  1.1
Evocations     | |  2.1

Action                     |  1- 3 |  4- 6 || total
---------------------------+-------+-------++-------
  Melee: Hand axe          |    78 |       ||    78
         Whip              |    24 |   367 ||   391
Ability: Lunge             |     4 |    17 ||    21
         Whirlwind         |       |     8 ||     8
  Evoke: Wand              |       |     1 ||     1
    Use: Scroll            |     1 |     2 ||     3
         Potion            |     1 |     1 ||     2
 Armour: Leather armour    |    19 |       ||    19
         Chain mail        |    12 |   158 ||   170
  Dodge: Dodged            |    40 |   134 ||   174
  Block: Buckler           |    22 |    70 ||    92
